 Dungeon Crawl Stone Soup version 0.20-a0-1043-gbd57889 (webtiles) character file.

26 Gorglomux the Chopper (level 3, -1/30 HPs)
             Began as a Hill Orc Gladiator on Apr 24, 2017.
             Slain by an adder (2 damage)
             ... on level 2 of the Dungeon.
             The game lasted 00:00:54 (890 turns).

Gorglomux the Chopper (Hill Orc Gladiator)           Turns: 890, Time: 00:00:55

Health: -1/30      AC:  4    Str: 16    XL:     3   Next: 8%
Magic:  3/3        EV: 12    Int:  8    God:
Gold:   36         SH:  0    Dex: 15    Spells: 2/2 levels left

rFire    . . .     SeeInvis .   a - +0 war axe
rCold    . . .     Gourm    .   (no shield)
rNeg     . . .     Faith    .   b - +0 leather armour
rPois    .         Spirit   .   c - +0 helmet
rElec    .         Reflect  .   (no cloak)
rCorr    .         Harm     .   (no gloves)
MR       +....                  (no boots)
Stlth    +.........             (no amulet)
Regen    0.1/turn               (no ring)
MPRegen  0.1/turn               (no ring)

@: lethally poisoned (-1 -> -4)
A: agile 1, magic resistance 1, wild magic 1
a: no special abilities


You were on level 2 of the Dungeon.
You were not hungry.

You visited 1 branch of the dungeon, and saw 2 of its levels.

You collected 36 gold pieces.

Inventory:

Hand Weapons
 a - a +0 war axe (weapon)
Armour
 b - a +0 leather armour (worn)
 c - a +0 helmet (worn)
Scrolls
 e - a scroll of immolation {unknown}
 h - 4 scrolls of identify {unknown}
 i - a scroll of fear {unknown}
 l - 2 scrolls of teleportation {unknown}
Comestibles
 f - 2 bread rations {@e1@e1}
 g - 2 fruits
 j - 2 royal jellies


   Skills:
 - Level 2.4 Fighting
 + Level 5.5 Axes
 - Level 1.7 Throwing
 - Level 2.4 Dodging


You had 2 spell levels left.
You didn't know any spells.

Dungeon Overview and Level Annotations

Branches:
Dungeon (2/15)

Altars:


Innate Abilities, Weirdness & Mutations

You are agile. (Dex +2)
You are resistant to hostile enchantments. (MR+)
Your spells are a little harder to cast, but a little more powerful.


Message History

You closely miss the frilled lizard. The frilled lizard misses you.
You miss the frilled lizard. The frilled lizard barely misses you.
You completely miss the frilled lizard.
The frilled lizard barely misses you. x2
A bat comes into view.
You closely miss the frilled lizard.
The bat moves out of view.
The frilled lizard bites you but does no damage.
You closely miss the frilled lizard. The frilled lizard closely misses you.
You completely miss the frilled lizard. The frilled lizard barely misses you.
You barely miss the frilled lizard. The frilled lizard barely misses you.
The frilled lizard closely misses you.
You closely miss the frilled lizard. The frilled lizard misses you.
You closely miss the frilled lizard.
The frilled lizard bites you but does no damage.
You miss the frilled lizard.
The frilled lizard bites you but does no damage.
You hit the frilled lizard.
You kill the frilled lizard!
The adder bites you but does no damage.
You closely miss the adder. The adder bites you. The adder closely misses you.
You take 4 damage, and have 21/25 hp.
You closely miss the adder. The adder barely misses you.
You hit the adder. The adder bites you.
You are poisoned.
The adder poisons you! The adder completely misses you.
You take 4 damage, and have 17/25 hp.
Aim: an adder (moderately wounded)
You throw a throwing net {=f, !d}.
The throwing net {=f, !d} hits the adder.
The adder is caught in the net!
You feel sick.
The adder struggles against the net.
You take 1 damage, and have 16/25 hp.
You hit the adder but do no damage.
The adder struggles against the net.
You hit the adder.
You feel sick.
The adder struggles against the net. x2
The net rips apart, and the adder comes free!
You take 1 damage, and have 15/25 hp.
You miss the adder.
The adder bites you but does no damage. x2
You miss the adder. The adder barely misses you.
You miss the adder.
You feel sick. The adder bites you but does no damage.
The adder closely misses you.
You take 1 damage, and have 14/25 hp.
You barely miss the adder. The adder barely misses you. The adder bites you.
You closely miss the adder. The adder bites you but does no damage.
You completely miss the adder. The adder bites you. x2
You take 6 damage, and have 8/25 hp.
MASSIVE DAMAGE!!
Aim: an adder You throw a throwing net {=f, !d}.
The throwing net {=f, !d} hits the adder.
The adder is caught in the net!
You feel sick.
The adder struggles against the net.
You take 1 damage, and have 7/25 hp.
You slash the adder!
You kill the adder!
You have reached level 3!
Your experience leads to an increase in your attributes!
Increase (S)trength, (I)ntelligence, or (D)exterity?
You feel agile. The adder bites you.
* * * LOW HITPOINT WARNING * * *
You are lethally poisoned!
The adder poisons you!
You take 2 damage, and have 5/30 hp.
MP restored: 3
Aim: an adder You throw a throwing net {=f, !d}.
The throwing net {=f, !d} barely misses the adder.
The throwing net {=f, !d} hits the bat.
The bat is caught in the net!
* * * LOW HITPOINT WARNING * * *
You feel sick.
The bat struggles against the net. x2
The net rips apart, and the bat comes free!
The adder barely misses you.
Unknown command.
It was a potion of mutation.
You feel extremely strange.
You feel agile.
You feel less in control of your magic.
You feel resistant to hostile enchantments.
The adder bites you.
* * * LOW HITPOINT WARNING * * *
You are more poisoned.
The adder poisons you! The adder closely misses you.
You take 3 damage, and have 2/30 hp.
It was a potion of curing.
You feel better. The adder bites you.
* * * LOW HITPOINT WARNING * * *
You are poisoned.
The adder poisons you!
You regained 5 hp, and now have 7/30 hp.
You hit the adder.
* * * LOW HITPOINT WARNING * * *
You feel sick. The adder completely misses you.
You take 1 damage, and have 6/30 hp.
You miss the adder.
* * * LOW HITPOINT WARNING * * *
You feel sick. The adder closely misses you. The adder bites you.
* * * LOW HITPOINT WARNING * * *
You take 4 damage, and have 2/30 hp.
You hit the adder but do no damage. The adder closely misses you.
The adder barely misses you.
You hit the adder.
* * * LOW HITPOINT WARNING * * *
You feel sick. The adder bites you.
You die...

....# ...+ ...#
..+ ..# #+#b#
#.#S# #.#@#
######.#.#.####
.......#.#.....
##.......###
#.........$..
#.......####.#
#.####.......##
#...............
#######<.........


You could see an adder and a bat.

Vanquished Creatures
  An adder (D:2)
  A bat (D:1)
  2 giant cockroaches (D:1)
  2 goblins (D:1)
  A hobgoblin (D:1)
  4 kobolds (D:1)
  4 frilled lizards
  3 rats (D:1)
18 creatures vanquished.

Notes
Turn   | Place    | Note
-------+----------+-------------------------------------------
     0 | D:1      | Gorglomux the Hill Orc Gladiator began the quest for the Orb.
     0 | D:1      | Reached XP level 1. HP: 18/18 MP: 1/1
   353 | D:1      | Reached XP level 2. HP: 23/25 MP: 2/2
   621 | D:1      | Reached skill level 5 in Axes
   883 | D:2      | Reached XP level 3. HP: 8/30 MP: 3/3
   883 | D:2      | HP: 5/30 [adder (3)]
   885 | D:2      | Gained mutation: You are agile. (Dex +2) [potion of mutation]
   885 | D:2      | Gained mutation: Your spells are a little harder to cast, but a little more powerful. [potion of mutation]
   885 | D:2      | Gained mutation: You are resistant to hostile enchantments. (MR+) [potion of mutation]
   885 | D:2      | HP: 2/30 [adder (3)]
   890 | D:2      | HP: 1/30 [poisoned by an adder]
   890 | D:2      | Slain by an adder

Vault maps used:
D:1:      arrival_zaba_pyramid, st_stairs_8, kennysheep_small_spiral
D:2:      first_bread, uniq_natasha

Skill      XL: |  1  2 |
---------------+-------+-----
Axes           | 5 |  5.5
Fighting       | |  2.4
Throwing       | |  1.7
Dodging        | |  2.4

Action                   || total
-------------------------++-------
Melee: War axe           ||    74
Throw: Throwing net      ||     3
  Use: Potion            ||     2
Armor: Leather armour    ||    29
Dodge: Dodged            ||    48

Vault maps used:
D:1:      arrival_zaba_pyramid, st_stairs_8, kennysheep_small_spiral
D:2:      first_bread, uniq_natasha

Table legend:
 A = Turns spent in this place as a percentage of turns spent in the entire game.
 B = Non-inter-level travel turns spent in this place as a percentage of non-inter-level travel turns spent in the entire game.
 C = Inter-level travel turns spent in this place as a percentage of turns spent in this place.
 D = Turns resting spent in this place as a percentage of non-inter-level travel turns spent in this place.
 E = Turns spent auto-exploring this place as a percentage of non-inter-level travel turns spent in this place.
 F = Non-inter-level travel turns spent in this place divided by the number of levels of this place that you've seen.
                   A       B       C       D       E      F
               +-------+-------+-------+-------+-------+----------------------
         Total | 100.0 | 100.0 |   0.4 |   0.8 |  13.1 | 118.5
       Dungeon | 100.0 | 100.0 |   0.4 |   0.8 |  13.1 | 118.5
               +-------+-------+-------+-------+-------+----------------------

Table legend:
 A = Kills in this place as a percentage of kills in entire the game.
 B = Kills by you in this place as a percentage of kills by you in the entire game.
 C = Kills by friends in this place as a percentage of kills by friends in the entire game.
 D = Other kills in this place as a percentage of other kills in the entire game.
 E = Experience gained in this place as a percentage of experience gained in the entire game.
 F = Experience gained in this place divided by the number of levels of this place that you have seen.
                   A       B       C       D       E      F
               +-------+-------+-------+-------+-------+----------------------
         Total | 100.0 | 100.0 |  -nan |  -nan | 100.0 |  19.0
       Dungeon | 100.0 | 100.0 |  -nan |  -nan | 100.0 |  19.0
               +-------+-------+-------+-------+-------+----------------------
